 Dungeon Crawl Stone Soup version 0.22-a0-429-g97ce8ef (webtiles) character file.

30 Gorglomux the Sneak (level 3, 0/16 (19) HPs)
             Began as a Spriggan Berserker on May 25, 2018.
             Slain by a polar bear (5 damage)
             ... created by the rage of Trog
             ... on level 2 of the Dungeon.
             The game lasted 00:02:21 (3106 turns).

Gorglomux the Sneak (Spriggan Berserker)            Turns: 3106, Time: 00:02:23

HP:   0/16 (19)     AC:  2    Str: 14    XL:     3   Next: 3%
MP:   4/4           EV: 19    Int:  8    God:
Gold: 54            SH:  0    Dex: 15    Spells: 2/2 levels left

rFire    . . .     SeeInvis +   a - +0 short sword
rCold    . . .     Gourm    .   (shield restricted)
rNeg     . . .     Faith    .   b - +0 animal skin
rPois    .         Spirit   .   (helmet restricted)
rElec    .         Reflect  .   (no cloak)
rCorr    .         Harm     .   (gloves unavailable)
MR       .....                  (boots unavailable)
Stlth    +++.......             (no amulet)
HPRegen  0.05/turn              (no ring)
MPRegen  0.09/turn              (no ring)

@: very quick
A: very small, unfitting armour, see invisible, herbivore, speed 3, slow
metabolism 2
a: no special abilities


You were on level 2 of the Dungeon.
You were not hungry.

You visited 1 branch of the dungeon, and saw 2 of its levels.

You collected 54 gold pieces.

Inventory:

Hand Weapons
 a - a +0 short sword (weapon)
Armour
 b - a +0 animal skin (worn)
Scrolls
 R - a scroll of identify
Potions
 d - a potion of lignification
 h - a potion of curing {unknown}
 i - a potion of mutation {unknown}
Comestibles
 c - 3 rations


   Skills:
 - Level 2.4 Fighting
 - Level 3.2 Short Blades
 - Level 4.4 Dodging
 + Level 4.5 Stealth


You had 2 spell levels left.
You didn't know any spells.
Your spell library was empty.

Dungeon Overview and Level Annotations

Branches:
Dungeon (2/15)

Altars:


Innate Abilities, Weirdness & Mutations

You are very small and have problems with some larger weapons.
You are too small for most types of armour.
You have supernaturally acute eyesight. (SInv)
You are a herbivore.
You cover ground extremely quickly.
You need to consume almost no food.


Message History

There are monsters nearby!!!
Okay, then!
As you read the scroll labeled IFO YTOUMA, it crumbles to butt!
It is a scroll of identify! butt - a potion of lignification;
R - a scroll of identify Unknown command!
As you read the scroll labeled HYAWIE UKENE, it crumbles to dust!
You feel blessed for a moment!
It was a scroll of remove curse!
The polar bear rages!
The polar bear butt-ly misses you! The polar bear completely misses you!
The polar bear claws you!
The polar bear completely misses butt!
The polar bear completely misses you! The polar bear misses you!
As you read the scroll labeled HELAIH IDDU, it crumbles to dust!
The scroll dissolves into smoke!
It was a scroll of fog!
The polar bear closely misses you! The polar butt claws you!
The polar bear misses you! The butt bear misses you!
The polar bear barely misses you! The polar bear claws you!
The polar bear misses you! x2; The polar bear closely misses you!
The polar bear bites you! rip

##.## #.#.## .###.##
## ##.# )###.#####
..#).....# ##.#####.#
#.# ##.## ########
#.####...#####h@hh..#
#............§h####.#
######...#######
##.## #.# ...
#######..##
.......... #.######.#


You could see 4 polar bears.

Vanquished Creatures
  A dart slug (D:2)
  2 leopard geckos
  3 bats
  2 giant cockroaches (D:2)
  2 goblins (D:1)
  3 hobgoblins
  3 jackals (D:2)
  A frilled lizard (D:1)
  4 kobolds (D:2)
  2 rats
23 creatures vanquished.

Notes
Turn   | Place    | Note
-------+----------+-------------------------------------------
     0 | D:1      | Gorglomux the Spriggan Berserker began the quest for the Orb.
     0 | D:1      | Reached XP level 1. HP: 11/11 MP: 2/2
     0 | D:1      | Fell from the grace of Trog
    78 | D:1      | Reached skill level 1 in Stealth
   842 | D:1      | Reached XP level 2. HP: 10/16 MP: 3/3
  1897 | D:2      | Reached skill level 3 in Stealth
  3084 | D:2      | Reached XP level 3. HP: 16/16 MP: 4/4
  3104 | D:2      | Noticed a polar bear
  3104 | D:2      | Noticed a polar bear
  3104 | D:2      | Noticed a polar bear
  3104 | D:2      | Noticed a polar bear
  3106 | D:2      | Slain by a polar bear

Vault maps used:
D:1:      matt_arrival_refuge
D:2:      overflow_temple_1_default

Skill      XL: |  1  2 |
---------------+-------+-----
Stealth        | 2 4 |  4.5
Fighting       | |  2.4
Short Blades   | |  3.2
Dodging        | |  4.4

Action                   || total
-------------------------++-------
Melee: Short sword       ||    89
Invok: Renounce Religion ||     1
  Use: Scroll            ||     3
 Stab: Sleeping          ||     6
Armor: Animal skin       ||     5
Dodge: Dodged            ||    83

Table legend:
 A = Spawn XP
 B = Non-spawn XP
 C = Spawn XP percentage of total XP
 D = Spawn monster count
 E = Non-spawn monster count
 F = Spawn count percentage of total count
 G = Total turns spent on level
                    A         B        C        D         E        F      G
               +---------+---------+-------+---------+---------+-------+---------
         Total |       0 |      43 |   0.0 |       0 |      23 |   0.0 |  3106
               +---------+---------+-------+---------+---------+-------+---------
           D:1 |       0 |      13 |   0.0 |       0 |       7 |   0.0 |  2512
           D:2 |       0 |      30 |   0.0 |       0 |      16 |   0.0 |   594
               +---------+---------+-------+---------+---------+-------+---------
